[Event "ICC tourney 2297 (30 10)"]
[Site "Internet Chess Club"]
[Date "2021.01.10"]
[Round "4"]
[White "Moon-stone123"]
[Black "marble"]
[Result "0-1"]
[ICCResult "White resigns"]
[WhiteElo "2150"]
[BlackElo "2508"]
[Opening "Robatsch defense: two knights, Suttles variation"]
[ECO "B06"]
[NIC "KF.05"]
[Time "17:02:00"]
[PlyCount "116"]
[TimeControl "1800+10"]

1. e4 g6 2. d4 Bg7 3. Nc3 c6 4. Nf3 d6 5. a4 Bg4 6. Be2 d5 7. e5 e6 8. Bg5
Ne7 9. Qd2 h6 10. Bf4 Nf5 11. h3 Bxf3 12. Bxf3 c5 13. dxc5 Nc6 14. O-O g5
15. Bh2 Nxe5 16. Bxe5 Bxe5 17. Rfe1 Bg7 18. Qxd5 Qxd5 19. Bxd5 O-O-O 20.
Be4 Bxc3 21. bxc3 Ne7 22. a5 a6 23. Rab1 Rd7 24. Rb6 Rhd8 25. c6 bxc6 26.
Rxa6 Rd1 27. Kf1 Rxe1+ 28. Kxe1 Kb7 29. Rb6+ Kc7 30. Rb3 Ra8 31. Ra3 Kd6
32. a6 Kc5 33. Bd3 Nd5 34. Rb3 Nb6 35. Rb4 f5 36. h4 g4 37. g3 h5 38. Kd2
Ra7 39. Rb1 Nc4+ 40. Bxc4 Kxc4 41. Rb4+ Kc5 42. Rb7 Rxa6 43. Rh7 Kd5 44.
Rxh5 Ke4 45. Rh6 e5 46. Rf6 f4 47. gxf4 exf4 48. Ke2 Ra2 49. Re6+ Kf5 50.
Rxc6 Rxc2+ 51. Kf1 Ke4 52. Rf6 Kf3 53. Kg1 Rc1+ 54. Kh2 Rf1 55. h5 Rxf2+
56. Kg1 Rc2 57. Rd6 Rc1+ 58. Kh2 g3+ { White resigns } 0-1

[Event "ICC tourney 2297 (30 10)"]
[Site "Internet Chess Club"]
[Date "2021.01.10"]
[Round "4"]
[White "MagicStar"]
[Black "xyzchessdude"]
[Result "1-0"]
[ICCResult "Black resigns"]
[WhiteElo "2059"]
[BlackElo "1960"]
[Opening "Sicilian: Nimzovich-Rossolimo attack (with ...g6, without ...d6)"]
[ECO "B31"]
[NIC "SI.31"]
[Time "17:01:47"]
[PlyCount "133"]
[TimeControl "1800+10"]

1. e4 c5 2. Nf3 Nc6 3. Bb5 g6 4. O-O Bg7 5. c3 Nf6 6. d4 cxd4 7. cxd4 d5 8.
e5 Ne4 9. Bxc6+ bxc6 10. Be3 O-O 11. Nh4 h6 12. Qc1 Qb6 13. Na3 Ba6 14. Rd1
Kh7 15. b3 f6 16. f3 Ng5 17. f4 Ne4 18. f5 g5 19. Ng6 Rfc8 20. Nxe7 Rc7 21.
Ng6 Bc8 22. Rf1 Bxf5 23. Rxf5 Kxg6 24. Rf3 Re8 25. exf6 Bxf6 26. Nc2 Qa5
27. Qf1 Re6 28. Qd3 Kg7 29. a3 Rce7 30. Raf1 Qb5 31. Qxb5 cxb5 32. Rf5 Nc3
33. Bd2 Ne4 34. Ba5 Rd7 35. Rd1 Ra6 36. Bb4 Rc6 37. Ne3 Nc3 38. Bxc3 Rxc3
39. Nxd5 Rc6 40. Nxf6 Rxf6 41. Rxb5 Rfd6 42. Rb4 Rd5 43. Rc4 Kf6 44. Kf2
Rf5+ 45. Ke3 Re7+ 46. Kd3 Rf2 47. Rc6+ Kf7 48. Rxh6 Rxg2 49. d5 Ke8 50. Kd4
Ra2 51. a4 Kd7 52. Ra6 Kd8 53. d6 Rf7 54. Kd5 Rxh2 55. Rc6 g4 56. Rc3 Rh5+
57. Kc6 Rg5 58. Rg3 Rg6 59. Rh1 Rf8 60. Rh7 Kc8 61. Rxa7 Kb8 62. Rc7 Rff6
63. Rd7 Kc8 64. a5 Rf3 65. Rxf3 gxf3 66. Rf7 Kb8 67. Rxf3 { Black resigns }
1-0

[Event "ICC tourney 2297 (30 10)"]
[Site "Internet Chess Club"]
[Date "2021.01.10"]
[Round "4"]
[White "nreiner"]
[Black "chessrex"]
[Result "0-1"]
[ICCResult "White resigns"]
[WhiteElo "2005"]
[BlackElo "1949"]
[Opening "Philidor: López counter-gambit"]
[ECO "C41"]
[NIC "KP.10"]
[Time "17:01:49"]
[PlyCount "250"]
[TimeControl "1800+10"]

1. e4 e5 2. Nf3 d6 3. Bc4 f5 4. d3 c6 5. Nc3 f4 6. h3 Qf6 7. d4 Nh6 8. O-O
Be6 9. Bxe6 Qxe6 10. d5 Qf6 11. a4 c5 12. a5 Be7 13. Qe2 a6 14. Nh2 O-O 15.
f3 Nd7 16. Bd2 Rac8 17. b3 Nf7 18. Ng4 Qg6 19. Be1 h5 20. Nh2 Qh6 21. Kh1
g5 22. Na4 Bd8 23. Nb2 Nf6 24. Nc4 Bc7 25. Rg1 Kh7 26. Bd2 Rg8 27. g3 g4
28. fxg4 hxg4 29. h4 Rce8 30. Raf1 Nh5 31. Nxg4 Nxg3+ 32. Rxg3 Qxh4+ 33.
Qh2 Qxh2+ 34. Kxh2 fxg3+ 35. Kxg3 Rg7 36. Kh4 Bd8+ 37. Kh5 Be7 38. Nf6+
Bxf6 39. Rxf6 Re7 40. Ne3 Rg5+ 41. Kh4 Rg1 42. Nf5 Rd7 43. Kh3 Rg6 44. Rxg6
Kxg6 45. Kg4 Kf6 46. c4 Rd8 47. b4 cxb4 48. Bxb4 Rc8 49. Ne3 Rg8+ 50. Kh4
Rc8 51. Kg4 Ng5 52. Bxd6 Nxe4 53. Bb4 Nf2+ 54. Kf3 Nd3 55. Bc3 Ke7 56. Ke4
Nc5+ 57. Kxe5 Kd7 58. Nf5 Re8+ 59. Kd4 Nb3+ 60. Kd3 Rf8 61. Ke4 Nc5+ 62.
Kf4 Nd3+ 63. Ke4 Nf2+ 64. Kf4 Nd3+ 65. Ke4 Nc5+ 66. Kf4 Rf7 67. Ke5 Nd3+
68. Ke4 Nc5+ 69. Ke5 Nd3+ 70. Ke4 Nc5+ 71. Ke5 Rf8 72. Kf4 Rc8 73. Ne3 Re8
74. Kf3 Ne4 75. Bb4 Nd6 76. c5 Nb5 77. Kf4 Nc7 78. Bd2 Rxe3 79. Kxe3 Nxd5+
80. Kd4 Kc6 81. Kc4 Nc7 82. Bf4 Ne6 83. Bd6 Ng5 84. Bf4 Ne4 85. Be3 Ng3 86.
Bd4 Nf5 87. Bg1 Ne7 88. Bf2 Nd5 89. Bg1 Nc7 90. Bf2 Nb5 91. Bg1 Na3+ 92.
Kb3 Nb5 93. Kc4 Nc7 94. Bf2 Ne8 95. Bg1 Nf6 96. Bf2 Ne4 97. Be3 Nf6 98. Bg1
Nd7 99. Bd4 Nf8 100. Bg1 Ne6 101. Bf2 Nf4 102. Bd4 Nd5 103. Bg1 Nf6 104.
Bd4 Nd7 105. Bf2 Ne5+ 106. Kd4 Nf3+ 107. Kc4 Nd2+ 108. Kd4 Nb3+ 109. Kc4
Nd2+ 110. Kd4 Kb5 111. Kd5 Nb3 112. Kd6 Nxa5 113. Kc7 Nc6 114. Kxb7 a5 115.
Be1 a4 116. Bc3 Kxc5 117. Ka6 a3 118. Ba1 Kb4 119. Kb6 Na5 120. Bg7 Nc4+
121. Ka6 Kb3 122. Ba1 Ka2 123. Bd4 Kb1 124. Kb5 Nb2 125. Kb4 a2 { White
resigns } 0-1

[Event "ICC tourney 2297 (30 10)"]
[Site "Internet Chess Club"]
[Date "2021.01.10"]
[Round "5"]
[White "ELCCEthan488"]
[Black "hackerguru"]
[Result "0-1"]
[ICCResult "White resigns"]
[WhiteElo "1565"]
[BlackElo "1750"]
[Opening "Nimzo-Indian: classical variation"]
[ECO "E32"]
[NIC "NI.20"]
[Time "19:01:23"]
[PlyCount "64"]
[TimeControl "1800+10"]

1. d4 Nf6 2. c4 e6 3. Nc3 Bb4 4. Qc2 O-O 5. a3 Bxc3+ 6. Qxc3 d6 7. Bg5 h6
8. Bh4 Nbd7 9. e3 Re8 10. Ne2 e5 11. Rd1 a5 12. Qc2 a4 13. Nc3 exd4 14.
Rxd4 Nc5 15. Nd5 g5 16. Bg3 Nxd5 17. Rxd5 Be6 18. Rd1 Qf6 19. h4 Bf5 20.
Qd2 Bg4 21. hxg5 Qxg5 22. Bf4 Qxf4 23. Be2 Bxe2 24. exf4 Nd3+ 25. Qxd3
Bxd3+ 26. Kd2 Bxc4 27. Rxh6 Kg7 28. Rh3 Rh8 29. Rg3+ Kf6 30. Rg5 Rag8 31.
Ra5 Rxg2 32. Rxa4 Bb3 { White resigns } 0-1

[Event "ICC tourney 2297 (30 10)"]
[Site "Internet Chess Club"]
[Date "2021.01.10"]
[Round "5"]
[White "chesssky"]
[Black "Aryangambit"]
[Result "1-0"]
[ICCResult "Black checkmated"]
[WhiteElo "1991"]
[BlackElo "2093"]
[Opening "King's Indian: fianchetto, Panno variation"]
[ECO "E63"]
[NIC "KI.70"]
[Time "19:01:13"]
[PlyCount "115"]
[TimeControl "1800+10"]

1. Nf3 Nf6 2. d4 g6 3. c4 Bg7 4. g3 O-O 5. Bg2 d6 6. O-O Nc6 7. Nc3 a6 8.
h3 Rb8 9. a4 a5 10. b3 Nd7 11. Bb2 e5 12. dxe5 Ndxe5 13. Nxe5 Nxe5 14. Qd2
Be6 15. Nb5 b6 16. Nd4 Qc8 17. f4 Bxh3 18. fxe5 Bxg2 19. Kxg2 Bxe5 20. Rh1
Bg7 21. Nf3 Bxb2 22. Qxb2 f6 23. Rae1 Qf5 24. Rh4 Rbe8 25. Qd2 Re4 26. Rxe4
Qxe4 27. Qd5+ Qxd5 28. cxd5 Re8 29. Kf2 f5 30. Rc1 Re7 31. Nd4 Re5 32. Rxc7
Rxd5 33. Nb5 Rd2 34. Rc6 Rb2 35. Rxb6 Rxb3 36. Rxd6 Rb4 37. Rd4 Rb3 38.
Rd8+ Kg7 39. Ra8 h5 40. Rxa5 g5 41. Nd4 Rb4 42. Nxf5+ Kf6 43. Ne3 Rd4 44.
Ra6+ Ke5 45. Ra8 h4 46. Re8+ Kf6 47. a5 Ra4 48. Rf8+ Kg7 49. Rf5 hxg3+ 50.
Kxg3 Kg6 51. Rb5 Ra3 52. Kf2 Ra4 53. Rb6+ Kh5 54. a6 g4 55. Rc6 Ra3 56.
Rc5+ Kh4 57. Ng2+ Kh3 58. Rh5# { Black checkmated } 1-0

[Event "ICC tourney 2297 (30 10)"]
[Site "Internet Chess Club"]
[Date "2021.01.10"]
[Round "5"]
[White "YKQ"]
[Black "saif-shawkat"]
[Result "1-0"]
[ICCResult "Black resigns"]
[WhiteElo "2550"]
[BlackElo "2059"]
[Opening "Queen's pawn game"]
[ECO "D04"]
[NIC "QP.08"]
[Time "19:01:11"]
[PlyCount "71"]
[TimeControl "1800+10"]

1. d4 d5 2. Nf3 Nf6 3. e3 c5 4. dxc5 e6 5. b4 a5 6. c3 axb4 7. cxb4 Nc6 8.
Bb5 Bd7 9. Qb3 Ne4 10. Nbd2 b6 11. Nxe4 dxe4 12. Nd4 Nxd4 13. Bxd7+ Qxd7
14. exd4 Qxd4 15. Bb2 Qd3 16. cxb6 Qxb3 17. axb3 Bxb4+ 18. Ke2 O-O 19. Be5
f6 20. Bc7 Rab8 21. Bxb8 Rxb8 22. Ra6 Bc5 23. Rha1 Bxb6 24. Ra8 Rxa8 25.
Rxa8+ Kf7 26. Rb8 Bd4 27. Rb7+ Kf8 28. b4 f5 29. b5 Ke8 30. b6 Kd8 31. Rb8+
Kd7 32. b7 Kc7 33. Rd8 Ba7 34. Rg8 Kxb7 35. Rxg7+ Ka6 36. Rxh7 { Black
resigns } 1-0

[Event "ICC tourney 2297 (30 10)"]
[Site "Internet Chess Club"]
[Date "2021.01.10"]
[Round "5"]
[White "Markss1420"]
[Black "parallax"]
[Result "0-1"]
[ICCResult "White resigns"]
[WhiteElo "2090"]
[BlackElo "2321"]
[Opening "French: Tarrasch, open variation"]
[ECO "C07"]
[NIC "FR.18"]
[Time "19:01:16"]
[PlyCount "54"]
[TimeControl "1800+10"]

1. e4 e6 2. d4 d5 3. Nd2 c5 4. Ngf3 cxd4 5. Nxd4 Nc6 6. Nxc6 bxc6 7. Bd3
Nf6 8. O-O Be7 9. c3 O-O 10. e5 Nd7 11. Nf3 f6 12. Bf4 fxe5 13. Bxe5 Rxf3
14. Qxf3 Nxe5 15. Bxh7+ Kxh7 16. Qh5+ Kg8 17. Qxe5 Bd6 18. Qe3 e5 19. c4
Qf6 20. Rad1 Be6 21. c5 Bc7 22. Qb3 e4 23. f4 Rc8 24. Qe3 Bg4 25. Rd4 Rf8
26. g3 Be5 27. Rb4 Bxb2 { White resigns } 0-1

[Event "ICC tourney 2297 (30 10)"]
[Site "Internet Chess Club"]
[Date "2021.01.10"]
[Round "5"]
[White "bozone"]
[Black "chessrex"]
[Result "1-0"]
[ICCResult "Black resigns"]
[WhiteElo "2069"]
[BlackElo "1949"]
[Opening "Philidor: Philidor counter-gambit"]
[ECO "C41"]
[NIC "KP.08"]
[Time "19:01:25"]
[PlyCount "55"]
[TimeControl "1800+10"]

1. e4 e5 2. Nf3 d6 3. d4 f5 4. dxe5 fxe4 5. Ng5 d5 6. Bb5+ c6 7. Be2 Qe7 8.
Bf4 g6 9. Bg4 Nd7 10. O-O Nh6 11. Bh3 Bg7 12. c4 O-O 13. Be3 Nxe5 14. Bxc8
Raxc8 15. cxd5 Rcd8 16. Qb3 cxd5 17. Nc3 Kh8 18. Nxd5 Qd6 19. Nc3 Neg4 20.
g3 Nxe3 21. fxe3 Rxf1+ 22. Rxf1 Qc5 23. Ncxe4 Qe5 24. Rf2 b6 25. Kg2 Rf8
26. Rxf8+ Bxf8 27. Qc3 Bg7 28. Qc8+ { Black resigns } 1-0

[Event "ICC tourney 2297 (30 10)"]
[Site "Internet Chess Club"]
[Date "2021.01.10"]
[Round "5"]
[White "JonnyTurgi"]
[Black "Goran21"]
[Result "0-1"]
[ICCResult "White resigns"]
[WhiteElo "2087"]
[BlackElo "2008"]
[Opening "King's Indian: orthodox, Aronin-Taimanov, bayonet attack"]
[ECO "E97"]
[NIC "KI.05"]
[Time "19:01:14"]
[PlyCount "78"]
[TimeControl "1800+10"]

1. d4 Nf6 2. c4 g6 3. Nc3 Bg7 4. e4 d6 5. Be2 O-O 6. Nf3 e5 7. O-O Nc6 8.
d5 Ne7 9. b4 Nh5 10. Re1 c6 11. Qb3 cxd5 12. cxd5 Kh8 13. a4 h6 14. Ba3 Nf4
15. Bf1 f5 16. Nd2 Ng8 17. b5 Qg5 18. Kh1 Rd8 19. Nc4 Qf6 20. a5 Bf8 21.
Bb2 Kh7 22. a6 b6 23. Na2 fxe4 24. Rxe4 Qg5 25. Nb4 Nf6 26. Ree1 Ng4 27.
Qg3 Nh5 28. Qf3 Qh4 29. h3 Bg7 30. g3 Nxf2+ 31. Qxf2 Nxg3+ 32. Kh2 Nxf1+
33. Rxf1 Qxc4 34. Nc6 Rf8 35. Qg2 Bf5 36. Rac1 Qxb5 37. Rxf5 Rxf5 38. Ne7
Rg5 39. Qd2 Re8 { White resigns } 0-1

[Event "ICC tourney 2297 (30 10)"]
[Site "Internet Chess Club"]
[Date "2021.01.10"]
[Round "5"]
[White "SuperPuzzler"]
[Black "Moon-stone123"]
[Result "0-1"]
[ICCResult "White checkmated"]
[WhiteElo "1993"]
[BlackElo "2150"]
[Opening "Caro-Kann defense"]
[ECO "B15"]
[NIC "CK.02"]
[Time "19:01:13"]
[PlyCount "134"]
[TimeControl "1800+10"]

1. e4 c6 2. d4 d5 3. Nd2 dxe4 4. Nxe4 Nf6 5. Ng3 g6 6. Nf3 Bg7 7. Bd3 Bg4
8. c3 O-O 9. O-O Nbd7 10. h3 Bxf3 11. Qxf3 e5 12. Be3 Qc7 13. Rad1 Nd5 14.
Bc4 N5b6 15. Bb3 exd4 16. Bxd4 Bxd4 17. Rxd4 Rad8 18. Rfd1 c5 19. R4d2 c4
20. Bc2 Nc5 21. Qf6 Rxd2 22. Rxd2 Re8 23. Rd1 Qe7 24. Qxe7 Rxe7 25. Kf1
Nca4 26. Bxa4 Nxa4 27. Rd2 Re6 28. f4 Rb6 29. Ne4 Rxb2 30. Rd7 b5 31. Ng5
b4 32. cxb4 c3 33. Rxf7 c2 34. Rc7 Rb1+ 35. Kf2 c1=Q 36. Rxc1 Rxc1 37. Kf3
Rc2 38. Ke4 Rxg2 39. a3 Rg3 40. Ke5 Rxa3 41. Ne4 Rxh3 42. Nf6+ Kf7 43. Ne4
Re3 44. Kd4 Rxe4+ 45. Kxe4 Ke6 46. f5+ gxf5+ 47. Kf4 Kf6 48. Kf3 Nc3 49.
Kf2 Nd5 50. b5 Nc7 51. b6 axb6 52. Kf3 Ke5 53. Kf2 f4 54. Kf1 Kf5 55. Kf2
Ke4 56. Kf1 f3 57. Kf2 Kf4 58. Kf1 Ke3 59. Ke1 Na8 60. Kf1 f2 61. Kg2 Ke2
62. Kh3 f1=Q+ 63. Kg4 Qf6 64. Kg3 Qf5 65. Kg2 Qg4+ 66. Kh1 Kf2 67. Kh2 Qg2#
{ White checkmated } 0-1

[Event "ICC tourney 2297 (30 10)"]
[Site "Internet Chess Club"]
[Date "2021.01.10"]
[Round "5"]
[White "Openyagami"]
[Black "dogetk"]
[Result "1/2-1/2"]
[ICCResult "Game drawn by mutual agreement"]
[WhiteElo "2606"]
[BlackElo "1976"]
[Opening "QGD Slav: 4.e3"]
[ECO "D11"]
[NIC "EO.64"]
[Time "19:01:22"]
[PlyCount "54"]
[TimeControl "1800+10"]

1. c4 c6 2. Nf3 d5 3. e3 Nf6 4. d4 Bg4 5. h3 Bh5 6. cxd5 cxd5 7. Qa4+ Nbd7
8. Ne5 a6 9. Nc3 e6 10. g4 Bg6 11. h4 b5 12. Qd1 b4 13. h5 Bxh5 14. Nxd5
exd5 15. gxh5 Bd6 16. f4 O-O 17. Rg1 Qe7 18. Bd3 Ne4 19. Bxe4 dxe4 20. Qg4
f5 21. Qg5 Qxg5 22. Rxg5 Nb6 23. Bd2 Rac8 24. h6 g6 25. Nxg6 hxg6 26. Rxg6+
Kh8 27. Rxd6 Rg8 { Game drawn by mutual agreement } 1/2-1/2

[Event "ICC tourney 2297 (30 10)"]
[Site "Internet Chess Club"]
[Date "2021.01.10"]
[Round "5"]
[White "Luke123"]
[Black "yanje03"]
[Result "1/2-1/2"]
[ICCResult "Game drawn by mutual agreement"]
[WhiteElo "1908"]
[BlackElo "1508"]
[Opening "Sicilian defense"]
[ECO "B40"]
[NIC "SI.43"]
[Time "19:01:13"]
[PlyCount "110"]
[TimeControl "1800+10"]

1. e4 c5 2. Nf3 e6 3. c3 Nf6 4. e5 Nd5 5. d4 cxd4 6. cxd4 Nc6 7. Nc3 d6 8.
Nxd5 exd5 9. exd6 Bxd6 10. Bd3 h6 11. O-O O-O 12. Bd2 Bg4 13. Bc3 Qf6 14.
Be2 Rfe8 15. h3 Bh5 16. Re1 Re7 17. Ne5 Bxe2 18. Qxe2 Rae8 19. Qb5 Nxe5 20.
dxe5 Bxe5 21. Rxe5 Rxe5 22. Qxe8+ Rxe8 23. Bxf6 gxf6 24. Rd1 Re2 25. Rxd5
Rxb2 26. Ra5 a6 27. f3 Kf8 28. Kh2 Ke7 29. Kg3 Kd7 30. h4 Ke6 31. Kh3 f5
32. g4 fxg4+ 33. Kxg4 Kf6 34. Kf4 Rb4+ 35. Kg3 Rc4 36. Rd5 Rc6 37. a4 Kg7
38. f4 Rc8 39. a5 Rc6 40. Kg4 Re6 41. Rd7 b6 42. axb6 Rxb6 43. Ra7 Kg6 44.
h5+ Kf6 45. Ra8 Ke6 46. Re8+ Kd7 47. Ra8 Kc7 48. Ra7+ Kd8 49. Rxf7 Ke8 50.
Ra7 Kf8 51. Kf5 Rc6 52. Ke5 Rc5+ 53. Kf6 Rc6+ 54. Kf5 Rc5+ 55. Kg6 Rc6+ {
Game drawn by mutual agreement } 1/2-1/2

[Event "ICC tourney 2297 (30 10)"]
[Site "Internet Chess Club"]
[Date "2021.01.10"]
[Round "5"]
[White "xyzchessdude"]
[Black "SanthoshA"]
[Result "1-0"]
[ICCResult "Black checkmated"]
[WhiteElo "1960"]
[BlackElo "1562"]
[Opening "English: Neo-Catalan"]
[ECO "A13"]
[NIC "RE.11"]
[Time "19:01:23"]
[PlyCount "125"]
[TimeControl "1800+10"]

1. Nf3 d5 2. c4 e6 3. g3 Nf6 4. Bg2 c5 5. cxd5 exd5 6. d4 c4 7. O-O Nc6 8.
b3 b5 9. a4 Ba6 10. axb5 Bxb5 11. Nc3 a6 12. bxc4 Bxc4 13. Ne5 Qd6 14. Qa4
Rc8 15. Bf4 Qb4 16. Nxc4 Qxc4 17. Nxd5 Qxa4 18. Nxf6+ gxf6 19. Rxa4 Be7 20.
Rc1 Na7 21. Rxa6 Rxc1+ 22. Bxc1 Nc8 23. Bc6+ Kd8 24. Bd2 Bd6 25. Ra8 Ke7
26. Bb7 Kd7 27. Ba5 Rg8 28. Kg2 Ne7 29. Rxg8 Nxg8 30. Be4 h6 31. Bd2 Bf8
32. Bf5+ Kc6 33. e4 Ne7 34. d5+ Kc5 35. Be3+ Kd6 36. Bh3 Ng6 37. f4 Bg7 38.
Kf3 Bf8 39. Bc1 Kc7 40. Bb2 Bg7 41. Ke3 Kd6 42. Ba3+ Kc7 43. Kd3 Bf8 44.
Bxf8 Nxf8 45. Bf5 Nd7 46. Bxd7 Kxd7 47. Kd4 Kd6 48. g4 Kd7 49. Kc5 Kc7 50.
d6+ Kd7 51. Kd5 Kd8 52. h4 Kd7 53. e5 fxe5 54. fxe5 Kd8 55. g5 h5 56. e6
fxe6+ 57. Kxe6 Ke8 58. g6 Kf8 59. d7 Kg7 60. d8=Q Kxg6 61. Qg5+ Kh7 62. Kf7
Kh8 63. Qg7# { Black checkmated } 1-0

[Event "ICC tourney 2297 (30 10)"]
[Site "Internet Chess Club"]
[Date "2021.01.10"]
[Round "5"]
[White "TjkTiger"]
[Black "Volkov"]
[Result "1/2-1/2"]
[ICCResult "Game drawn by mutual agreement"]
[WhiteElo "2597"]
[BlackElo "2607"]
[Opening "English, Kramnik-Shirov counterattack"]
[ECO "A21"]
[NIC "EO.23"]
[Time "19:01:25"]
[PlyCount "68"]
[TimeControl "1800+10"]

1. c4 e5 2. Nc3 Bb4 3. Nd5 Bc5 4. e3 Nf6 5. b4 Be7 6. Bb2 d6 7. d4 Nbd7 8.
Nxe7 Qxe7 9. Ne2 O-O 10. Qc2 b6 11. Ng3 Bb7 12. d5 g6 13. e4 a5 14. b5 h5
15. h4 Kg7 16. Be2 Rh8 17. O-O-O Rag8 18. Rdf1 Kf8 19. Kb1 Ke8 20. Bc1 Nh7
21. Bd3 Kd8 22. Be3 Kc8 23. Ne2 Kb8 24. g3 Re8 25. Nc1 Rhf8 26. Nb3 f6 27.
Rc1 Rf7 28. f3 Nhf8 29. Bf1 Bc8 30. g4 Rh7 31. Bd3 Qg7 32. Rcg1 Qh8 33. Bf2
hxg4 34. fxg4 g5 { Game drawn by mutual agreement } 1/2-1/2

[Event "ICC tourney 2297 (30 10)"]
[Site "Internet Chess Club"]
[Date "2021.01.10"]
[Round "5"]
[White "imranchamp"]
[Black "AJ2000"]
[Result "1-0"]
[ICCResult "Black resigns"]
[WhiteElo "1826"]
[BlackElo "1646"]
[Opening "Evans gambit: Alapin-Steinitz variation"]
[ECO "C52"]
[NIC "IG.05"]
[Time "19:01:16"]
[PlyCount "115"]
[TimeControl "1800+10"]

1. e4 e5 2. Nf3 Nc6 3. Bc4 Bc5 4. b4 Bxb4 5. c3 Ba5 6. d4 d6 7. O-O Bg4 8.
Ba3 Qd7 9. h3 Bxf3 10. Qxf3 f6 11. d5 Nce7 12. Nd2 Ng6 13. Qg3 N8e7 14.
Rab1 Bb6 15. Bb5 c6 16. Ba4 O-O 17. Nc4 Bc7 18. Rxb7 Rfb8 19. Rfb1 Nf4 20.
Qe3 Rxb7 21. Rxb7 Rb8 22. Qxa7 Rxb7 23. Qxb7 Ne2+ 24. Kh2 Nxc3 25. dxc6 Qd8
26. Bb3 Kh8 27. f3 Qb8 28. Qxb8+ Bxb8 29. Nxd6 Bxd6 30. Bxd6 Nxc6 31. Bd5
Nd4 32. Bb4 Nxd5 33. exd5 Kg8 34. a4 Kf7 35. a5 Nb5 36. a6 Ke8 37. d6 Kd7
38. Bc5 Kc6 39. a7 Nxa7 40. Bxa7 Kxd6 41. Kg3 Ke6 42. Kf2 Kf5 43. g3 Kg5
44. Ke3 Kf5 45. h4 g5 46. g4+ Kg6 47. h5+ Kf7 48. Ke4 Ke6 49. Bb6 h6 50.
Bd8 Kf7 51. Kf5 Kg8 52. Bxf6 Kh7 53. Bxe5 Kg8 54. Kg6 Kf8 55. Kxh6 Kg8 56.
Kxg5 Kh7 57. h6 Kg8 58. Kg6 { Black resigns } 1-0

[Event "ICC tourney 2297 (30 10)"]
[Site "Internet Chess Club"]
[Date "2021.01.10"]
[Round "5"]
[White "espark"]
[Black "MagicStar"]
[Result "1-0"]
[ICCResult "Black resigns"]
[WhiteElo "2322"]
[BlackElo "2059"]
[Opening "French: Steinitz, Boleslavsky variation"]
[ECO "C11"]
[NIC "FR.04"]
[Time "19:01:17"]
[PlyCount "95"]
[TimeControl "1800+10"]

1. e4 e6 2. d4 d5 3. Nc3 Nf6 4. e5 Nfd7 5. f4 c5 6. Nf3 Nc6 7. Be3 Be7 8.
Qd2 O-O 9. Bd3 b6 10. O-O f6 11. Rae1 f5 12. h3 cxd4 13. Nxd4 Nxd4 14. Bxd4
Nc5 15. Qe3 Ne4 16. g4 Nxc3 17. bxc3 g6 18. Re2 Kh8 19. Rg2 Rg8 20. Kh1 Qf8
21. Rfg1 fxg4 22. hxg4 Bc5 23. f5 Bxd4 24. Qxd4 gxf5 25. gxf5 Rxg2 26. Rxg2
Qh6+ 27. Kg1 Bd7 28. f6 Rg8 29. Rxg8+ Kxg8 30. Qg4+ Kf7 31. Kg2 Bc6 32. Kg3
Bd7 33. Be2 Qe3+ 34. Kh4 Qe4 35. Bf3 Qg6 36. Qxg6+ hxg6 37. Be2 Kg8 38. Kg5
Kh7 39. Bd3 Be8 40. c4 dxc4 41. Bxc4 Bf7 42. Bb5 a5 43. a3 Kh8 44. Kh6 Kg8
45. Bd3 Kf8 46. Bxg6 Bg8 47. Kg5 b5 48. c3 { Black resigns } 1-0

[Event "ICC tourney 2297 (30 10)"]
[Site "Internet Chess Club"]
[Date "2021.01.10"]
[Round "5"]
[White "wangfang75"]
[Black "runtilmorrow1"]
[Result "1-0"]
[ICCResult "Black checkmated"]
[WhiteElo "1834"]
[BlackElo "1968"]
[Opening "Sicilian: dragon variation"]
[ECO "B70"]
[NIC "SI.15"]
[Time "19:01:25"]
[PlyCount "97"]
[TimeControl "1800+10"]

1. e4 c5 2. Nf3 d6 3. d4 cxd4 4. Nxd4 Nf6 5. Nc3 g6 6. Bc4 Bg7 7. Bb3 O-O
8. f3 Nc6 9. Be3 Bd7 10. Qd2 Rb8 11. Nxc6 Bxc6 12. Bxa7 Rc8 13. Be3 e6 14.
Bh6 d5 15. Bxg7 Kxg7 16. exd5 Nxd5 17. Nxd5 exd5 18. O-O Re8 19. Rfe1 Qh4
20. c3 f6 21. Qf2 Qg5 22. Rad1 h5 23. Rxe8 Rxe8 24. Qd2 Qh4 25. g3 Qh3 26.
Re1 Bb5 27. Bxd5 h4 28. g4 f5 29. c4 Bc6 30. Rxe8 Bxe8 31. Qd4+ Kh7 32.
Bxb7 g5 33. Qd3 Bg6 34. Qf1 fxg4 35. Qxh3 gxh3 36. c5 Bf7 37. c6 Bd5 38. a4
Bxf3 39. a5 g4 40. a6 g3 41. a7 Kh6 42. a8=Q Kg5 43. Qg8+ Kh6 44. Qf8+ Kh7
45. Qxf3 g2 46. Qxh3 Kg7 47. c7 Kf7 48. c8=Q Ke7 49. Qhe6# { Black
checkmated } 1-0

[Event "ICC tourney 2297 (30 10)"]
[Site "Internet Chess Club"]
[Date "2021.01.10"]
[Round "5"]
[White "marble"]
[Black "MrNormalName"]
[Result "1-0"]
[ICCResult "Black resigns"]
[WhiteElo "2508"]
[BlackElo "2174"]
[Opening "Ruy Lopez: Berlin defense"]
[ECO "C65"]
[NIC "RL.07"]
[Time "19:01:25"]
[PlyCount "103"]
[TimeControl "1800+10"]

1. e4 e5 2. Nf3 Nc6 3. Bb5 Nf6 4. Qe2 Bc5 5. c3 O-O 6. d3 Re8 7. Bg5 a6 8.
Ba4 b5 9. Bb3 h6 10. Bh4 Be7 11. a4 b4 12. Nbd2 d6 13. O-O Nh5 14. Bg3 bxc3
15. bxc3 Bg4 16. a5 Rb8 17. Ba4 Bd7 18. Nc4 Bf8 19. Qd1 Nxg3 20. hxg3 g6
21. Qc2 Bg7 22. Rfb1 Rxb1+ 23. Rxb1 Qa8 24. Ne3 Qc8 25. Qa2 Ne7 26. Bb3 Rf8
27. Bc4 Qa8 28. Qb3 Nc6 29. Qa4 Rd8 30. Bd5 Kf8 31. Qc4 Be8 32. g4 Bf6 33.
Nc2 Be7 34. Nb4 Rb8 35. Ra1 Nxa5 36. Rxa5 c6 37. Bxc6 Bxc6 38. Qxc6 Qxc6
39. Nxc6 Rb1+ 40. Kh2 Rb2 41. Rxa6 Bg5 42. Nxg5 hxg5 43. Nb4 Rxf2 44. Rxd6
Ke7 45. Ra6 f5 46. Nd5+ Kd7 47. Rxg6 f4 48. Rxg5 f3 49. Kg3 Rd2 50. gxf3
Rxd3 51. Rg6 Rxd5 52. exd5 { Black resigns } 1-0